 Dungeon Crawl Stone Soup version 0.19.4-9-g45fd643 (webtiles) character file.

84 markt42 the Chopper (level 4, -1/40 HPs)
             Began as a Hill Orc Fighter on Feb 16, 2017.
             Slain by Grinder (6 damage)
             ... on level 3 of the Dungeon.
             The game lasted 00:02:25 (1333 turns).

markt42 the Chopper (Hill Orc Fighter)              Turns: 1333, Time: 00:02:25

Health: -1/40      AC: 11    Str: 23    XL:     4   Next: 46%
Magic:  4/4        EV:  4    Int:  8    God:
Gold:   160        SH:  9    Dex: 11    Spells: 0 memorised, 3 levels left

rFire  + . .     SeeInvis .     a - +0 war axe
rCold  . . .     Gourm    .     p - +0 plate armour
rNeg   . . .     Faith    .     c - +0 shield
rPois  .         Spirit   .     (no helmet)
rElec  .         Reflect  .     (no cloak)
rCorr  .         Harm     .     (no gloves)
MR     .....                    (no boots)
Stlth  ..........               i - amulet of rage
                                s - ring of wizardry
                                o - ring of protection from fire

@: mighty
A: no striking features
a: Evoke Berserk Rage


You were on level 3 of the Dungeon.
You were not hungry.

You visited 1 branch of the dungeon, and saw 3 of its levels.

You collected 160 gold pieces.

Inventory:

Hand Weapons
 a - a +0 war axe (weapon)
Armour
 c - a +0 shield (worn)
 p - a +0 plate armour (worn)
Jewellery
 i - an amulet of rage (around neck)
 o - a ring of protection from fire (left hand)
 s - a ring of wizardry (right hand)
 t - an uncursed amulet of faith
Scrolls
 h - 3 scrolls of identify {unknown}
 j - 2 scrolls of recharging {unknown}
 k - 2 scrolls of teleportation {unknown}
 l - a scroll of immolation {unknown}
 u - 2 scrolls of remove curse {unknown}
 v - 2 scrolls of fog {unknown}
Potions
 b - 2 potions of brilliance {unknown}
 e - a potion of flight {unknown}
 g - 2 potions of curing
 m - a potion of magic {unknown}
 q - 2 potions of ambrosia {unknown}
 r - a potion of lignification {unknown}
Comestibles
 f - 2 bread rations
 n - 2 beef jerkies
 w - 7 fruits


   Skills:
 + Level 4.1 Fighting
 * Level 4.9 Axes
 + Level 3.5 Armour
 + Level 0.1 Dodging
 + Level 3.7 Shields


You had 3 spell levels left.
You didn't know any spells.

Dungeon Overview and Level Annotations

Branches:
Dungeon (3/15)

Altars:
Fedhas
Gozag
Qazlal

Annotations:
D:3 Grinder


Message History

Grinder is lightly wounded.
Grinder hits you but does no damage.
Your shield and plate armour prevent you from hitting Grinder.
Grinder is lightly wounded.
You block Grinder's attack.
You closely miss Grinder.
Grinder is lightly wounded.
You closely miss the rat. You block Grinder's attack.
The rat bites you but does no damage. Grinder hits you but does no damage.
You slash Grinder!
Grinder is heavily wounded.
You hit the rat.
You kill the rat!
You block Grinder's attack.
You hit Grinder.
Grinder is heavily wounded.
Grinder hits you!
* * * LOW HITPOINT WARNING * * *
You writhe in agony.
You die...

.#.###### ........#
........# #####
........# ########....
......... .........###
........# #.##†.....
......5.# ###.#..#.#.#
.......@#####.....##.#.#
......))...)....####.#.#
........#.#####.# #.#.#
..#..#.##.# #.# #.#.#
....... ... #.. #....
#.#.####(... ##.. .....
... #.#.## #.. ... #. #.
.. ... #. .. ....


You could see Grinder.

Vanquished Creatures
  2 adders (D:2)
  A worm (D:3)
  2 leopard geckos
  5 orcs (D:3)
  7 bats
  3 giant cockroaches
  4 goblins
  7 hobgoblins
  2 jackals (D:3)
  4 kobolds
  4 quokkas (D:2)
  A ball python (D:2)
  A frilled lizard (D:3)
  11 rats
54 creatures vanquished.

Notes
Turn   | Place    | Note
-------+----------+-------------------------------------------
     0 | D:1      | markt42 the Hill Orc Fighter began the quest for the Orb.
     0 | D:1      | Reached XP level 1. HP: 19/19 MP: 1/1
    96 | D:1      | Reached XP level 2. HP: 25/27 MP: 2/2
   541 | D:2      | Found a stormy altar of Qazlal.
   619 | D:2      | Reached XP level 3. HP: 33/33 MP: 3/3
   845 | D:2      | Found an opulent altar of Gozag.
  1161 | D:2      | Found a blossoming altar of Fedhas.
  1174 | D:2      | Reached XP level 4. HP: 40/40 MP: 4/4
  1317 | D:3      | Noticed Grinder
  1320 | D:3      | Paralysed by Grinder for 5 turns
  1333 | D:3      | Slain by Grinder

Skill      XL: |  1  2  3 |
---------------+----------+-----
Axes           | 3 4 |  4.9
Fighting       | 4 |  4.1
Armour         | |  3.5
Dodging        | |  0.1
Shields        | |  3.7

Action                   |  1- 3 |  4- 6 || total
-------------------------+-------+-------++-------
Melee: War axe           |   153 |    39 ||   192
  Use: Potion            |       |     2 ||     2
  Eat: Chunk             |     1 |     1 ||     2
Armor: Scale mail        |    39 |       ||    39
       Plate armour      |    71 |    34 ||   105
Dodge: Dodged            |    36 |     7 ||    43
Block: Shield            |    73 |    19 ||    92
